 Dungeon Crawl Stone Soup version 0.22.0-49-gab54619674 (webtiles) character file.

166 JedernureinKreuz the Conjurer (level 5, -2/37 HPs)
             Began as a Gnoll Conjurer on Sept 7, 2018.
             Slain by an ogre
             ... wielding a +0 giant club
              (19 damage)
             ... on level 4 of the Dungeon.
             The game lasted 00:13:30 (2223 turns).

JedernureinKreuz the Conjurer (Gnoll Conjurer)      Turns: 2223, Time: 00:13:31

Health: -2/37      AC:  3    Str: 10    XL:     5   Next: 47%
Magic:  12/12      EV: 14    Int: 19    God:
Gold:   55         SH:  0    Dex: 15    Spells: 13/14 levels left

rFire    . . .     SeeInvis .   v - +1 dagger (venom)
rCold    . . .     Gourm    .   (no shield)
rNeg     . . .     Faith    .   s - +0 leather armour
rPois    .         Spirit   .   (no helmet)
rElec    .         Reflect  .   f - +0 cloak
rCorr    .         Harm     .   n - -2 pair of gloves (curse)
MR       .....                  (no boots)
Stlth    +++.......             (no amulet)
HPRegen  0.12/turn              (no ring)
MPRegen  0.13/turn              (no ring)

@: no status effects
A: distributed training, fangs 1, strong nose
a: no special abilities


You were on level 4 of the Dungeon.
You were not hungry.

You visited 1 branch of the dungeon, and saw 4 of its levels.

You collected 55 gold pieces.

Inventory:

Hand Weapons
 a - a +0 short sword
 b - a +2 war axe of draining
 d - a +0 club
 h - a +0 spear
 v - a +1 dagger of venom (weapon)
Missiles
 g - 51 stones (quivered)
Armour
 f - a +0 cloak (worn)
 k - a +0 ring mail
 l - a +0 robe
 n - a cursed -2 pair of gloves (worn)
 r - a cursed +0 plate armour
 s - a +0 leather armour (worn)
 w - a +0 helmet
Jewellery
 u - an uncursed ring of protection from magic {unknown}
Scrolls
 e - 2 scrolls of remove curse {unknown}
 q - a scroll of teleportation
 t - a scroll of fog
 x - a scroll of enchant weapon {unknown}
 y - a scroll of identify {unknown}
Potions
 i - a potion of curing {unknown}
 j - a potion of mutation {unknown}
 m - a potion of resistance {unknown}
 o - a potion of degeneration {unknown}
 p - a potion of magic {unknown}
 z - a potion of flight {unknown}
 A - a potion of ambrosia {unknown}
 B - 2 potions of brilliance {unknown}
Comestibles
 c - 4 rations


   Skills:
 + Level 1.4 Fighting
 + Level 1.4 Short Blades
 + Level 1.4 Long Blades
 + Level 1.4 Axes
 + Level 1.4 Maces & Flails
 + Level 1.4 Polearms
 + Level 1.4 Staves
 + Level 1.4 Slings
 + Level 1.4 Bows
 + Level 1.4 Crossbows
 + Level 1.4 Throwing
 + Level 1.4 Armour
 + Level 4.8 Dodging
 + Level 4.4 Stealth
 + Level 1.4 Shields
 + Level 1.4 Unarmed Combat
 + Level 5.2 Spellcasting
 + Level 7.2 Conjurations
 + Level 1.1 Hexes
 + Level 1.1 Charms
 + Level 1.1 Summonings
 + Level 1.1 Necromancy
 + Level 1.1 Translocations
 + Level 1.1 Transmutations
 + Level 1.1 Fire Magic
 + Level 1.1 Ice Magic
 + Level 1.1 Air Magic
 + Level 1.1 Earth Magic
 + Level 1.1 Poison Magic
 + Level 1.6 Invocations
 + Level 1.4 Evocations


You had 13 spell levels left.
You knew the following spells:

 Your Spells              Type           Power        Failure   Level  Hunger
a - Magic Dart            Conj           ####         1%          1    None

Your spell library contained the following spells:

 Spells                   Type           Power        Failure   Level  Hunger
 Searing Ray              Conj           ####..       1%          2    #......
 Dazzling Spray           Conj/Hex       ###...       9%          3    ##.....
 Iskenderun's Mystic Bla  Conj           ####....     9%          4    ####...
 Force Lance              Conj/Tloc      ###.....     28%         4    ####...
 Fulminant Prism          Conj/Hex       ###.......   28%         4    ####...


Dungeon Overview and Level Annotations

Branches:
Dungeon (4/15)
 Temple: D:4-7

Altars:
Fedhas
Hepliaklqana
Ru
Sif Muna
Vehumet


Innate Abilities, Weirdness & Mutations

Your experience applies equally to all skills.
You have very sharp teeth.
Your uncanny sense of smell can sniff out nearby items.


Message History

Your Fire Magic skill increases to level 1!
Your Ice Magic skill increases to level 1!
Your Air Magic skill increases to level 1!
Your Earth Magic skill increases to level 1!
Your Poison Magic skill increases to level 1!
You have reached level 5!
Things that are here:
a giant spiked club; an ogre corpse You start resting.
An ogre comes into view. It is wielding a giant club.
There is a stone staircase leading up here.
The ogre shouts!
You hit the ogre.
The ogre is lightly wounded.
The ogre misses you.
You completely miss the ogre.
The ogre is lightly wounded.
The ogre hits you with a giant club!!
Ouch! That really hurt!
You die...

..# .. #.## # ..#
.## #.## #..# #..#
#...##
###..####.....##
####.....##)......#
............@..#...#
..#####....O..## .
####....# ##..#...
#....... .........
....%.... ..........


You could see an ogre.

Vanquished Creatures
  An ogre (D:4)
  Robin (D:3)
  An adder (D:2)
  2 worms (D:2)
  2 dart slugs (D:1)
  13 goblins
  11 hobgoblins
  4 jackals (D:3)
  5 kobolds
  5 bats
  4 frilled lizards
  4 rats
53 creatures vanquished.

Vanquished Creatures (others)
  A hound (D:4)
  An iguana (D:4)
  A worker ant (D:4)
  An adder (D:4)
  An orc (D:4)
  A giant cockroach (D:4)
6 creatures vanquished.

Grand Total: 59 creatures vanquished

Notes
Turn   | Place    | Note
-------+----------+-------------------------------------------
     0 | D:1      | JedernureinKreuz the Gnoll Conjurer began the quest for the
                  | Orb.
     0 | D:1      | Reached XP level 1. HP: 13/13 MP: 6/6
   189 | D:1      | Reached XP level 2. HP: 19/19 MP: 4/7
   682 | D:2      | Reached skill level 5 in Spellcasting
   682 | D:2      | Reached XP level 3. HP: 21/25 MP: 1/9
  1089 | D:2      | Found a blossoming altar of Fedhas.
  1210 | D:2      | Reached skill level 1 in Invocations
  1382 | D:2      | Found a hazy altar of Hepliaklqana.
  1493 | D:3      | Found a deep blue altar of Sif Muna.
  1503 | D:3      | Noticed Robin
  1513 | D:3      | Killed Robin
  1513 | D:3      | Reached skill level 1 in Fighting
  1513 | D:3      | Reached skill level 1 in Short Blades
  1513 | D:3      | Reached skill level 1 in Long Blades
  1513 | D:3      | Reached skill level 1 in Axes
  1513 | D:3      | Reached skill level 1 in Maces & Flails
  1513 | D:3      | Reached skill level 1 in Polearms
  1513 | D:3      | Reached skill level 1 in Staves
  1513 | D:3      | Reached skill level 1 in Slings
  1513 | D:3      | Reached skill level 1 in Bows
  1513 | D:3      | Reached skill level 1 in Crossbows
  1513 | D:3      | Reached skill level 1 in Throwing
  1513 | D:3      | Reached skill level 1 in Armour
  1513 | D:3      | Reached skill level 1 in Shields
  1513 | D:3      | Reached skill level 1 in Unarmed Combat
  1513 | D:3      | Reached skill level 1 in Evocations
  1513 | D:3      | Reached XP level 4. HP: 27/32 MP: 11/11
  1835 | D:3      | Found a radiant altar of Vehumet.
  1837 | D:3      | Found a sacrificial altar of Ru.
  1895 | D:3      | Noticed an ogre
  2127 | D:4      | Killed an ogre
  2127 | D:4      | Reached skill level 1 in Hexes
  2127 | D:4      | Reached skill level 1 in Charms
  2127 | D:4      | Reached skill level 1 in Summonings
  2127 | D:4      | Reached skill level 1 in Necromancy
  2127 | D:4      | Reached skill level 1 in Translocations
  2127 | D:4      | Reached skill level 1 in Transmutations
  2127 | D:4      | Reached skill level 1 in Fire Magic
  2127 | D:4      | Reached skill level 1 in Ice Magic
  2127 | D:4      | Reached skill level 1 in Air Magic
  2127 | D:4      | Reached skill level 1 in Earth Magic
  2127 | D:4      | Reached skill level 1 in Poison Magic
  2127 | D:4      | Reached XP level 5. HP: 6/37 MP: 12/12
  2220 | D:4      | Noticed an ogre
  2223 | D:4      | Slain by an ogre

Skill      XL: |  1  2  3  4 |
---------------+-------------+-----
Spellcasting   | 5 |  5.2
Invocations    | 1 |  1.6
Fighting       | 1 |  1.4
Short Blades   | 1 |  1.4
Long Blades    | 1 |  1.4
Axes           | 1 |  1.4
Maces & Flails | 1 |  1.4
Polearms       | 1 |  1.4
Staves         | 1 |  1.4
Slings         | 1 |  1.4
Bows           | 1 |  1.4
Crossbows      | 1 |  1.4
Throwing       | 1 |  1.4
Armour         | 1 |  1.4
Shields        | 1 |  1.4
Unarmed Combat | 1 |  1.4
Evocations     | 1 |  1.4
Hexes          | 1 |  1.1
Charms         | 1 |  1.1
Summonings     | 1 |  1.1
Necromancy     | 1 |  1.1
Translocations | 1 |  1.1
Transmutations | 1 |  1.1
Fire Magic     | 1 |  1.1
Ice Magic      | 1 |  1.1
Air Magic      | 1 |  1.1
Earth Magic    | 1 |  1.1
Poison Magic   | 1 |  1.1
Dodging        | |  4.8
Stealth        | |  4.4
Conjurations   | |  7.2

Action                   |  1- 3 |  4- 6 || total
-------------------------+-------+-------++-------
Melee: Short sword       |     7 |       ||     7
       Spear             |     3 |       ||     3
       War axe           |    14 |    31 ||    45
       Dagger            |       |    10 ||    10
       Bite              |       |     3 ||     3
 Cast: Magic Dart        |    42 |    13 ||    55
  Use: Scroll            |     2 |       ||     2
 Stab: Sleeping          |     4 |     1 ||     5
  Eat: Chunk             |     2 |     2 ||     4
Armor: Leather armour    |     6 |     2 ||     8
Dodge: Dodged            |    23 |    33 ||    56
